[ AOE2 MATCH · #506240623 ]
UnrankedTeutons vs Bohemians
Player's team · LOSS
Rival team · WIN
[ REPLAY ANALYSIS · EXTRACTED FROM THE RECORDED GAME ]
Feudal
8:54
Castle
24:45
Imperial
—
| APM avg | 23.7 |
| APM peak | 62 |
| eAPM avg | 16.7 |
| Villagers / military | 34 / 17 |
Focus
⚔️ 46.0% · 🌾 54.0%
Petard ×9 · Battering Ram ×6 · Mangonel ×2
Feudal
9:47
Castle
28:23
Imperial
35:59
| APM avg | 44.3 |
| APM peak | 103 |
| eAPM avg | 22.0 |
| Villagers / military | 81 / 13 |
Focus
⚔️ 30.2% · 🌾 69.8%
Hussite Wagon ×6 · Monk ×4 · Trebuchet (Packed) ×3
Match map
Initial resources + every placement click. Lines = walls · curves = elevation contours. ◆ gold · ⬟ stone · ● berries · ✦ relic · ◌ wall gap
Your base· ✓ Closed at 24:45 · 27t walls · 2 gate(s)
Beny's base· ✓ Closed at 28:23 · 34t walls · 2 gate(s)
Smoothed initial terrain · ◌ = detected wall gap · hover for details
Inputs per minute
— Changed - - Beny
Build order — Changed
118 actions detected in the replay
| 0:00 | Queue | Villager (Male) |
| 0:01 | Queue | Villager (Male) |
| 0:01 | Queue | Villager (Male) |
| 0:03 | Build | House |
| 0:05 | Build | House |
| 0:18 | Queue | Villager (Male) |
| 1:25 | Queue | Villager (Male) |
| 2:00 | Queue | Villager (Male) |
| 2:21 | Queue | Villager (Male) |
| 2:42 | Build | Lumber Camp |
| 2:53 | Queue | Villager (Male) |
| 3:13 | Queue | Villager (Male) |
| 3:14 | Queue | Villager (Male) |
| 3:16 | Build | House |
| 3:53 | Queue | Villager (Male) |
| 4:13 | Queue | Villager (Male) |
| 4:13 | Queue | Villager (Male) |
| 4:37 | Queue | Villager (Male) |
| 4:58 | Build | Mill |
| 5:36 | Queue | Villager (Male) |
| 5:37 | Research | Loom |
| 6:44 | Research | Feudal Age |
| 7:08 | Build | House |
| 7:52 | Build | Mining Camp |
| 7:57 | Queue | Villager (Male) |
| 7:58 | Queue | Villager (Male) |
| 8:47 | Build | Palisade Wall |
| 8:54 | Age | Feudal Age |
| 9:19 | Build | Watch Tower |
| 9:42 | Build | Watch Tower |
| 9:51 | Queue | Villager (Male) |
| 9:52 | Queue | Villager (Male) |
| 9:52 | Queue | Villager (Male) |
| 9:52 | Queue | Villager (Male) |
| 10:48 | Build | Mill |
| 12:07 | Build | Watch Tower |
| 12:34 | Queue | Villager (Male) |
| 12:34 | Queue | Villager (Male) |
| 12:34 | Queue | Villager (Male) |
| 12:39 | Build | House |
| 13:13 | Build | Palisade Wall |
| 13:45 | Build | Palisade Wall |
| 13:47 | Build | Palisade Wall |
| 13:52 | Build | Palisade Wall |
| 14:02 | Build | Palisade Wall |
| 14:04 | Build | Palisade Wall |
| 14:05 | Build | Palisade Wall |
| 14:29 | Queue | Villager (Male) |
| 14:29 | Queue | Villager (Male) |
| 14:29 | Queue | Villager (Male) |
| 14:30 | Queue | Villager (Male) |
| 15:03 | Build | Palisade Wall |
| 15:15 | Build | Palisade Wall |
| 15:27 | Build | Palisade Wall |
| 15:34 | Build | Watch Tower |
| 15:50 | Build | Palisade Wall |
| 15:53 | Build | Palisade Wall |
| 15:54 | Build | Palisade Wall |
| 15:55 | Build | Palisade Wall |
| 15:56 | Build | Palisade Wall |
| 15:58 | Build | Palisade Wall |
| 16:09 | Build | Palisade Wall |
| 16:16 | Build | Watch Tower |
| 16:27 | Queue | Villager (Male) |
| 16:27 | Queue | Villager (Male) |
| 16:29 | Build | House |
| 16:37 | Build | Blacksmith |
| 16:54 | Build | Palisade Wall |
| 17:41 | Build | Farm |
| 18:04 | Research | Fletching |
| 18:59 | Build | Mining Camp |
| 19:24 | Build | Palisade Wall |
| 19:26 | Build | Palisade Wall |
| 19:27 | Build | Palisade Wall |
| 20:14 | Build | Watch Tower |
| 20:19 | Build | Palisade Wall |
| 20:20 | Build | Palisade Wall |
| 20:22 | Build | Palisade Wall |
| 20:37 | Build | Market |
| 20:42 | Build | Farm |
| 20:43 | Build | Farm |
| 20:48 | Build | Farm |
| 20:49 | Build | Farm |
| 21:44 | Build | Palisade Wall |
| 22:05 | Research | Castle Age |
| 24:28 | Build | House |
| 24:45 | Age | Castle Age |
| 24:51 | Build | Castle |
| 25:02 | Build | House |
| 25:04 | Build | House |
| 25:08 | Build | House |
| 25:35 | Queue | Villager (Male) |
| 25:36 | Queue | Villager (Male) |
| 25:58 | Build | Siege Workshop |
| 26:22 | Queue | Battering Ram |
| 26:48 | Build | Mining Camp |
| 27:03 | Queue | Villager (Male) |
| 27:03 | Queue | Villager (Male) |
| 27:49 | Queue | Mangonel |
| 29:18 | Queue | Mangonel |
| 30:24 | Queue | Petard |
| 30:24 | Queue | Petard |
| 30:24 | Queue | Petard |
| 30:36 | Queue | Battering Ram |
| 30:51 | Build | Farm |
| 31:01 | Queue | Petard |
| 31:39 | Queue | Petard |
| 31:42 | Queue | Petard |
| 32:06 | Queue | Battering Ram |
| 32:26 | Queue | Petard |
| 33:44 | Queue | Battering Ram |
| 34:24 | Build | Palisade Wall |
| 34:31 | Build | Palisade Wall |
| 35:31 | Queue | Petard |
| 35:31 | Queue | Petard |
| 35:55 | Queue | Battering Ram |
| 35:57 | Queue | Battering Ram |
| 36:01 | Research | Bodkin Arrow |
Build order — Beny
First 150 of 216 actions detected
| 0:00 | Queue | Villager (Male) |
| 0:01 | Queue | Villager (Male) |
| 0:01 | Queue | Villager (Male) |
| 0:01 | Queue | Villager (Male) |
| 0:02 | Build | House |
| 0:04 | Build | House |
| 1:26 | Queue | Villager (Male) |
| 1:59 | Queue | Villager (Male) |
| 1:59 | Queue | Villager (Male) |
| 2:08 | Build | Lumber Camp |
| 2:13 | Build | Lumber Camp |
| 2:25 | Queue | Villager (Male) |
| 2:25 | Queue | Villager (Male) |
| 2:25 | Queue | Villager (Male) |
| 3:17 | Queue | Villager (Male) |
| 3:20 | Queue | Villager (Male) |
| 3:29 | Queue | Villager (Male) |
| 3:29 | Queue | Villager (Male) |
| 3:50 | Build | House |
| 4:18 | Build | Mill |
| 4:33 | Queue | Villager (Male) |
| 4:34 | Queue | Villager (Male) |
| 4:34 | Queue | Villager (Male) |
| 4:39 | Build | House |
| 4:57 | Queue | Villager (Male) |
| 5:06 | Build | House |
| 5:13 | Build | Palisade Wall |
| 5:35 | Build | House |
| 6:06 | Build | House |
| 6:15 | Queue | Villager (Male) |
| 6:38 | Build | House |
| 6:43 | Queue | Villager (Male) |
| 7:08 | Build | Mill |
| 7:09 | Queue | Villager (Male) |
| 7:37 | Research | Feudal Age |
| 7:37 | Research | Feudal Age |
| 7:56 | Build | Mining Camp |
| 9:05 | Build | Farm |
| 9:09 | Build | Farm |
| 9:28 | Queue | Villager (Male) |
| 9:47 | Age | Feudal Age |
| 9:48 | Research | Double-Bit Axe |
| 9:48 | Research | Double-Bit Axe |
| 9:51 | Queue | Villager (Male) |
| 10:00 | Build | House |
| 10:02 | Build | House |
| 10:07 | Build | House |
| 10:16 | Build | Stone Wall |
| 10:16 | Build | Stone Wall |
| 10:39 | Queue | Villager (Male) |
| 10:41 | Research | Loom |
| 10:41 | Research | Loom |
| 10:44 | Queue | Villager (Male) |
| 11:03 | Build | Gate |
| 11:20 | Queue | Villager (Male) |
| 11:23 | Build | Farm |
| 11:25 | Build | Farm |
| 11:27 | Queue | Villager (Male) |
| 11:39 | Build | Stone Wall |
| 11:46 | Queue | Villager (Male) |
| 11:47 | Queue | Villager (Male) |
| 11:50 | Build | House |
| 11:52 | Build | House |
| 11:55 | Build | Palisade Wall |
| 12:07 | Queue | Villager (Male) |
| 12:14 | Build | Watch Tower |
| 12:21 | Queue | Villager (Male) |
| 12:29 | Queue | Villager (Male) |
| 12:46 | Build | Stone Wall |
| 12:54 | Build | House |
| 13:07 | Build | Palisade Wall |
| 13:22 | Queue | Villager (Male) |
| 13:32 | Queue | Villager (Male) |
| 13:36 | Build | Palisade Wall |
| 13:46 | Build | Palisade Wall |
| 14:00 | Build | Mining Camp |
| 14:01 | Queue | Villager (Male) |
| 14:01 | Queue | Villager (Male) |
| 14:37 | Queue | Villager (Male) |
| 14:56 | Queue | Villager (Male) |
| 15:08 | Research | Horse Collar |
| 15:09 | Research | Horse Collar |
| 15:09 | Queue | Villager (Male) |
| 15:12 | Queue | Villager (Male) |
| 15:34 | Build | Watch Tower |
| 15:41 | Build | Blacksmith |
| 15:43 | Queue | Villager (Male) |
| 15:47 | Queue | Villager (Male) |
| 15:50 | Queue | Villager (Male) |
| 15:58 | Queue | Villager (Male) |
| 16:01 | Build | House |
| 16:03 | Build | House |
| 16:05 | Build | Palisade Wall |
| 16:07 | Build | House |
| 16:09 | Build | Palisade Wall |
| 16:21 | Research | Fletching |
| 16:21 | Research | Fletching |
| 17:12 | Build | Palisade Wall |
| 17:15 | Build | Palisade Wall |
| 17:17 | Build | Palisade Wall |
| 17:19 | Build | Palisade Wall |
| 17:37 | Build | Watch Tower |
| 17:54 | Queue | Villager (Male) |
| 18:00 | Build | Market |
| 18:03 | Queue | Villager (Male) |
| 18:15 | Build | Palisade Wall |
| 18:31 | Queue | Villager (Male) |
| 19:59 | Queue | Villager (Male) |
| 20:17 | Queue | Villager (Male) |
| 20:24 | Build | Watch Tower |
| 20:32 | Build | Palisade Wall |
| 20:36 | Build | Palisade Wall |
| 20:39 | Build | Palisade Wall |
| 21:08 | Build | Palisade Wall |
| 21:20 | Build | Stone Wall |
| 21:23 | Queue | Villager (Male) |
| 21:34 | Build | Watch Tower |
| 21:38 | Queue | Villager (Male) |
| 21:40 | Build | Mill |
| 21:40 | Build | Farm |
| 21:41 | Build | Farm |
| 21:41 | Build | Farm |
| 21:41 | Build | Farm |
| 21:42 | Build | Farm |
| 21:42 | Build | Farm |
| 22:02 | Queue | Villager (Male) |
| 22:03 | Build | Farm |
| 22:37 | Build | Farm |
| 22:37 | Build | Farm |
| 22:37 | Build | Farm |
| 22:38 | Build | Farm |
| 22:38 | Build | Farm |
| 22:38 | Build | Farm |
| 22:38 | Build | Farm |
| 22:39 | Build | Farm |
| 22:41 | Queue | Villager (Male) |
| 23:05 | Queue | Villager (Male) |
| 23:05 | Queue | Villager (Male) |
| 23:15 | Queue | Villager (Male) |
| 23:34 | Queue | Villager (Male) |
| 23:55 | Build | Watch Tower |
| 24:14 | Build | Farm |
| 24:15 | Build | Farm |
| 24:18 | Build | Farm |
| 24:24 | Queue | Villager (Male) |
| 24:25 | Queue | Villager (Male) |
| 24:55 | Queue | Villager (Male) |
| 25:07 | Build | Stone Wall |
| 25:38 | Research | Castle Age |
| 25:38 | Research | Castle Age |
Match timeline
| 5:13 | Beny · wall_segment Palisade Wall x10 |
| 8:47 | Changed · wall_segment Palisade Wall x1 |
| 8:54 | Changed · age_up feudal |
| 9:47 | Beny · age_up feudal |
| 10:16 | Beny · wall_segment Stone Wall x1 |
| 10:16 | Beny · wall_segment Stone Wall x1 |
| 11:39 | Beny · wall_segment Stone Wall x1 |
| 11:55 | Beny · wall_segment Palisade Wall x1 |
| 12:46 | Beny · wall_segment Stone Wall x1 |
| 13:07 | Beny · wall_segment Palisade Wall x1 |
| 13:13 | Changed · wall_segment Palisade Wall x1 |
| 13:36 | Beny · wall_segment Palisade Wall x1 |
| 13:45 | Changed · wall_segment Palisade Wall x1 |
| 13:46 | Beny · wall_segment Palisade Wall x1 |
| 13:47 | Changed · wall_segment Palisade Wall x1 |
| 13:52 | Changed · wall_segment Palisade Wall x1 |
| 14:02 | Changed · wall_segment Palisade Wall x1 |
| 14:04 | Changed · wall_segment Palisade Wall x1 |
| 14:05 | Changed · wall_segment Palisade Wall x1 |
| 15:03 | Changed · wall_segment Palisade Wall x2 |
| 15:15 | Changed · wall_segment Palisade Wall x2 |
| 15:27 | Changed · wall_segment Palisade Wall x1 |
| 15:50 | Changed · wall_segment Palisade Wall x1 |
| 15:53 | Changed · wall_segment Palisade Wall x1 |
| 15:54 | Changed · wall_segment Palisade Wall x1 |
| 15:55 | Changed · wall_segment Palisade Wall x1 |
| 15:56 | Changed · wall_segment Palisade Wall x1 |
| 15:58 | Changed · wall_segment Palisade Wall x1 |
| 16:05 | Beny · wall_segment Palisade Wall x1 |
| 16:09 | Beny · wall_segment Palisade Wall x1 |
| 16:09 | Changed · wall_segment Palisade Wall x1 |
| 16:54 | Changed · wall_segment Palisade Wall x1 |
| 17:12 | Beny · wall_segment Palisade Wall x1 |
| 17:15 | Beny · wall_segment Palisade Wall x1 |
| 17:17 | Beny · wall_segment Palisade Wall x1 |
| 17:19 | Beny · wall_segment Palisade Wall x1 |
| 18:15 | Beny · wall_segment Palisade Wall x1 |
| 19:24 | Changed · wall_segment Palisade Wall x1 |
| 19:26 | Changed · wall_segment Palisade Wall x1 |
| 19:27 | Changed · wall_segment Palisade Wall x1 |
| 20:19 | Changed · wall_segment Palisade Wall x1 |
| 20:20 | Changed · wall_segment Palisade Wall x1 |
| 20:22 | Changed · wall_segment Palisade Wall x1 |
| 20:32 | Beny · wall_segment Palisade Wall x1 |
| 20:36 | Beny · wall_segment Palisade Wall x1 |
| 20:39 | Beny · wall_segment Palisade Wall x1 |
| 21:08 | Beny · wall_segment Palisade Wall x4 |
| 21:20 | Beny · wall_segment Stone Wall x1 |
| 21:44 | Changed · wall_segment Palisade Wall x1 |
| 24:02 | Changed · first_market_buy 100 stone |
| 24:45 | Changed · age_up castle |
| 24:51 | Changed · first_building Castle |
| 25:07 | Beny · wall_segment Stone Wall x2 |
| 25:35 | Beny · first_market_buy 100 food |
| 25:58 | Changed · first_building Siege Workshop |
| 27:45 | Beny · first_building Barracks |
| 28:23 | Beny · age_up castle |
| 28:38 | Beny · first_building Castle |
| 28:57 | Beny · first_market_sell 100 stone |
| 29:17 | Beny · first_building Monastery |
| 34:24 | Changed · wall_segment Palisade Wall x1 |
| 34:31 | Changed · wall_segment Palisade Wall x1 |
| 34:59 | Beny · wall_segment Stone Wall x1 |
| 35:59 | Beny · age_up imperial |
| 37:17 | Changed · resign |
[ AI ANALYSIS · 1 CREDIT ]
What really happened in this match?
Wolo.gg analyzes every decision: build order, eco, micro, common mistakes by bracket. Personalized analysis on WhatsApp or Discord in 30 seconds.
Civ guide
Teutons
Perfil
Jugador #20529172